 Dungeon Crawl Stone Soup version 0.24.0-123-gd5b16e6ec5 (webtiles) character file.

Game seed: 5502973938481389511, levelgen mode: deterministic

268515 SeryemCrawls the Thaumaturge (level 20, 0/156 HPs)
             Began as a Gnoll Wizard on Jan 10, 2020.
             Was the Champion of Ashenzari.
             Killed from afar by a fire giant (35 damage)
             ... with a bolt of fire
             ... on level 3 of the Depths.
             The game lasted 03:37:43 (60365 turns).

SeryemCrawls the Thaumaturge (Gnoll Wizard)        Turns: 60365, Time: 03:37:44

Health: 0/156      AC: 25    Str: 15    XL:     20   Next: 15%
Magic:  28/38      EV: 22    Int: 24    God:    Ashenzari [******]
Gold:   2540       SH: 14    Dex: 17    Spells: 11/48 levels left

rFire    . . .     SeeInvis +   m - +8 war axe of Eternal Night {holy, *Drain rC+ rN+++ MR+}
rCold    + . .     Gourm    +   g - +0 shield {reflect} (curse)
rNeg     + + +     Faith    .   W - +4 ring mail of the Endless Deaths {rPois Dex+3}
rPois    +         Spirit   .   C - +2 helmet (curse)
rElec    .         Reflect  +   I - +0 cloak (curse)
rCorr    .         Harm     .   P - +2 pair of gloves (curse)
MR       ++...     Clarity  +   Q - +2 pair of boots (curse)
Stlth    +++++.....             B - amulet of the gourmand (curse)
HPRegen  0.36/turn              h - ring of wizardry
MPRegen  0.26/turn              F - +3 ring of protection (curse)

@: no status effects
A: distributed training, fangs 1, deformed body, strong nose
}: 2/15 runes: decaying, gossamer
a: Curse Item, Scrying, Renounce Religion


You were on level 3 of the Depths.
You worshipped Ashenzari.
Ashenzari was exalted by your worship.
You were near starving.

You visited 6 branches of the dungeon, and saw 34 of its levels.

You collected 3486 gold pieces.
You spent 946 gold pieces at shops.

Inventory:

Hand Weapons
 b - the +7 double sword "Ilecurchu" {slice, rF+ Str+4}
   (You found it on level 4 of the Dungeon)

   It inflicts extra damage upon your enemies.
   It affects your strength (+4).
   It protects you from fire.
 m - the +8 war axe of Eternal Night (weapon) {holy, *Drain rC+ rN+++ MR+}
   (You took it off a frost giant on level 2 of the Depths)

   It has been blessed by the Shining One to cause great damage to the undead
   and demons.
   It protects you from cold.
   It renders you almost immune to negative energy.
   It affects your resistance to hostile enchantments.
   It causes draining when unequipped.
Armour
 g - a cursed +0 shield of reflection (worn)
 u - +0 ice dragon scales
 C - a cursed +2 helmet (worn)
 I - a cursed +0 cloak (worn)
 P - a cursed +2 pair of gloves (worn)
 Q - a cursed +2 pair of boots (worn)
 W - the +4 ring mail of the Endless Deaths (worn) {rPois Dex+3}
   (You found it on level 15 of the Dungeon)

   It affects your dexterity (+3).
   It protects you from poison.
Jewellery
 h - a ring of wizardry (left hand)
 w - an uncursed ring of protection from magic
 B - a cursed amulet of the gourmand (around neck)
 F - a cursed +3 ring of protection (right hand)
 G - an uncursed ring of protection from cold
 N - an uncursed ring of resist corrosion
 R - an uncursed ring of protection from magic
 U - an uncursed ring of protection from cold
 Y - an uncursed ring of protection from fire
Wands
 j - a wand of digging (6)
 s - a wand of clouds (6)
 x - a wand of iceblast (21)
 D - a wand of paralysis (35)
 L - a wand of disintegration (12)
 O - a wand of enslavement (39)
 S - a wand of acid (21)
 X - a wand of flame (82)
Scrolls
 a - a scroll of blinking
 c - 8 scrolls of amnesia
 f - 4 scrolls of remove curse
 i - 10 scrolls of identify
 k - 14 scrolls of teleportation
 l - 7 scrolls of enchant armour
 o - 6 scrolls of enchant weapon
 q - 3 scrolls of fear
 y - 2 scrolls of brand weapon
 J - a scroll of fog
 T - 5 scrolls of silence
 V - 2 scrolls of magic mapping
Potions
 e - 4 potions of curing
 n - 3 potions of heal wounds
 r - 4 potions of might
 t - 6 potions of agility
 v - 5 potions of brilliance
 z - 2 potions of cancellation
 A - 2 potions of invisibility
 E - 4 potions of ambrosia
 H - 3 potions of berserk rage
 K - 9 potions of lignification
 M - 4 potions of flight
Miscellaneous
 p - a sack of spiders
Comestibles
 d - 45 rations


   Skills:
 + Level 13.0 Fighting
 + Level 13.0 Short Blades
 + Level 13.0 Long Blades
 + Level 13.0 Axes
 + Level 13.0 Maces & Flails
 + Level 13.0 Polearms
 + Level 13.0 Staves
 + Level 13.0 Slings
 + Level 13.0 Bows
 + Level 14.2 Crossbows
 + Level 13.0 Throwing
 + Level 13.0(15.6) Armour
 + Level 13.7(16.3) Dodging
 + Level 13.6 Stealth
 + Level 13.0(15.6) Shields
 + Level 13.0 Unarmed Combat
 + Level 14.5 Spellcasting
 + Level 11.4(14.1) Conjurations
 + Level 11.2(13.9) Hexes
 + Level 11.2(13.9) Charms
 + Level 11.4(14.1) Summonings
 + Level 11.2(13.9) Necromancy
 + Level 11.4(14.1) Translocations
 + Level 11.2(13.9) Transmutations
 + Level 11.2(13.9) Fire Magic
 + Level 11.2(13.9) Ice Magic
 + Level 11.2(13.9) Air Magic
 + Level 11.2(13.9) Earth Magic
 + Level 11.2(13.9) Poison Magic
 + Level 14.0 Invocations
 + Level 13.0(15.6) Evocations


You had 11 spell levels left.
You knew the following spells:

 Your Spells              Type           Power        Failure   Level  Hunger
a - Magic Dart            Conj           ####         0%          1    None
b - Borgnjor's Vile Clut  Necr/Erth      ######....   1%          5    ##.....
c - Summon Lightning Spi  Summ/Air       ######..     1%          4    None
d - Bolt of Magma         Conj/Fire/Erth ######....   1%          5    ##.....
e - Conjure Flame         Conj/Fire      ######..     1%          3    None
f - Mephitic Cloud        Conj/Pois/Air  ######..     1%          3    None
g - Statue Form           Tmut/Erth      ######...    1%          6    #####..
h - Freezing Cloud        Conj/Ice/Air   ######....   1%          6    #####..
i - Blink                 Tloc           N/A          0%          2    None
j - Passwall              Tmut/Erth      ######..     1%          2    None

Your spell library contained the following spells:

 Spells                   Type           Power        Failure   Level  Hunger
 Confusing Touch          Hex            ######       0%          1    None
 Corona                   Hex            ######.      0%          1    None
 Freeze                   Ice            ####         0%          1    None
 Infusion                 Chrm           ####         0%          1    None
 Sandblast                Erth           ######       0%          1    None
 Summon Small Mammal      Summ           ####         0%          1    None
 Call Imp                 Summ           ######..     0%          2    None
 Searing Ray              Conj           ######       0%          2    None
 Ensorcelled Hibernation  Hex/Ice        ######       1%          2    None
 Poisonous Vapours        Pois/Air       ######       1%          2    None
 Shroud of Golubria       Chrm/Tloc      ######       1%          2    None
 Slow                     Hex            ######..     1%          2    None
 Song of Slaying          Chrm           ######..     1%          2    None
 Throw Frost              Conj/Ice       ######       1%          2    None
 Call Canine Familiar     Summ           ######..     1%          3    None
 Confuse                  Hex            ######..     1%          3    None
 Dazzling Spray           Conj/Hex       ######       1%          3    None
 Gell's Gravitas          Tloc           ######....   1%          3    None
 Inner Flame              Hex/Fire       ######..     1%          3    None
 Ozocubu's Armour         Chrm/Ice       ######..     1%          3    None
 Portal Projectile        Hex/Tloc       ######       1%          3    None
 Regeneration             Chrm/Necr      ######....   1%          3    None
 Spectral Weapon          Hex/Chrm       ######..     1%          3    None
 Stone Arrow              Conj/Erth      ######       1%          3    None
 Summon Guardian Golem    Hex/Summ       ######..     1%          3    None
 Cause Fear               Hex            ######....   1%          4    None
 Force Lance              Conj/Tloc      ######..     1%          4    None
 Fulminant Prism          Conj/Hex       ######....   1%          4    None
 Iskenderun's Mystic Bla  Conj           ######..     1%          4    None
 Leda's Liquefaction      Hex/Erth       ######....   1%          4    None
 Petrify                  Tmut/Erth      ######..     1%          4    None
 Summon Ice Beast         Ice/Summ       ######..     1%          4    None
 Throw Icicle             Conj/Ice       ######..     1%          4    None
 Irradiate                Conj/Tmut      ######....   1%          5    ##.....
 Iskenderun's Battlesphe  Conj/Chrm      ######..     1%          5    ##.....
 Lee's Rapid Deconstruct  Erth           ######....   1%          5    ##.....
 Metabolic Englaciation   Hex/Ice        ######....   1%          5    ##.....
 Silence                  Hex/Air        ######....   1%          5    ##.....
 Venom Bolt               Conj/Pois      ######....   1%          5    ##.....
 Yara's Violent Unravell  Hex/Tmut       ######....   1%          5    ##.....
 Darkness                 Hex            ######....   1%          6    #####..
 Hydra Form               Tmut           ######....   1%          6    #####..
 Iron Shot                Conj/Erth      ######....   1%          6    #####..
 Shadow Creatures         Summ           N/A          1%          6    #####..
 Orb of Destruction       Conj           ######....   5%          7    ######.
 Spellforged Servitor     Conj/Summ      ######....   5%          7    ######.
 Dragon Form              Tmut           ######....   6%          7    ######.
 Ring of Flames           Chrm/Fire      ######....   6%          7    ######.


Dungeon Overview and Level Annotations

Branches:
Dungeon (15/15)            Temple (0/1) D:7            Lair (6/6) D:10
  Swamp (4/4) Lair:2       Spider (4/4) Lair:4        Slime (0/5) Lair:6
    Orc (2/2) D:10         Vaults (0/5) D:14         Depths (3/5) D:15
    Elf: Orc:2

Altars:
Ashenzari
Cheibriados
Dithmenos
Fedhas
Gozag
Hepliaklqana
Makhleb
Nemelex Xobeh
Okawaru
Ru
Sif Muna
Wu Jian
Xom
Zin
The Shining One
Lugonu

Shops:
D:5 }   D:8 ?   D:10 (   D:14 !   D:15 (   Orc:1 *   Orc:2 *:?(

Portals:
Hell: Depths:1 Depths:2 Depths:3
Abyss: Depths:3
Pandemonium: Depths:1
Ziggurat: Depths:3
Trove: D:10 (show slimy rune of Zot)

Annotations:
D:6 exclusion: Sigmund
D:15 Roxanne
Lair:5 1 runed translucent door, Ypehuijo's ghost, journeyman OpFi
Lair:6 1 runed translucent door
Swamp:4 Bai Suzhen
Spider:3 Nikola


Innate Abilities, Weirdness & Mutations

Your experience applies equally to all skills.
You have very sharp teeth.
Your uncanny sense of smell can sniff out nearby items.
Armour fits poorly on your strangely shaped body.


Message History

You hear a sizzling sound!
You hear a howl!
You hear a shout! x2
You barely miss the fire giant.
You bite the fire giant, but do no damage.
The fire giant is severely wounded.
The fire giant casts a spell at you. The bolt of fire hits you!!!
You slash the fire giant!
You bite the fire giant, but do no damage.
The fire giant is almost dead.
You hit the fire giant.
The fire giant is almost dead.
The fire giant casts a spell at you.
The fireball explodes!
The fireball engulfs you!!!
* * * LOW HITPOINT WARNING * * *
The fireball engulfs the fire giant.
The fire giant resists.
You hear a howl!
You hear a shout! x2
You feel much better. The fire giant casts a spell at you.
The bolt of fire hits you!!
You die...

#....#** * *,, ,,, ,
#....#* , , , **
###....## # ,, ,,,, ,,,
..)§§§.#.# * ,, ,, , ,
**#.§§§.#.# * ,,, * ,*
#.○§§§..# ,, , * * *
#..§§§..####* , ,,, *,*
##)C#..... * ,,,,,
#.#######.@###......#
,,,,
#....>....##.##...#.#*,
{,,
######..##.∩.##..#.#
,,,{ #...##.##...#.#*,
{ #.#..###....#.#*,{
#)##..#.....#.#** *
#.##....#####.# #
#.##...######.#######
#.##...'.............


You could see a fire giant.

Vanquished Creatures
  Arachne (Spider:1)
  A tentacled monstrosity (Swamp:2)
  A sphinx (Depths:2)
  2 storm dragons (Depths:2)
  A tengu reaver (Depths:3)
  3 fire giants
  3 frost giants
  4 ghost moths
  3 very ugly things
  9 stone giants
  7 emperor scorpions
  A vampire knight (Depths:3)
  2 entropy weavers (Spider:1)
  9 spark wasps
  A dire elephant (D:15)
  An ettin (Depths:2)
  Snorg (Lair:3)
  3 fire dragons
  3 great orbs of eyes
  3 ogre magi
  A rakshasa (Depths:2)
  18 hydras
  A vault guard (D:14)
  2 ghost crabs
  5 ice dragons
  2 centaur warriors
  2 spriggan air magi
  2 shambling mangroves
  12 alligators
  12 two-headed ogres
  A queen ant (Spider:1)
  4 deep troll shamans
  3 tengu warriors
  A vampire mage (Depths:2)
  3 deep troll earth magi
  An orc high priest (Orc:2)
  3 spriggan berserkers
  A fire crab (shapeshifter) (Depths:1)
  11 deep trolls
  3 spriggan druids
  2 glowing orange brains
  A swamp dragon (shapeshifter) (Depths:3)
  5 unseen horrors
  13 swamp dragons
  A flayed ghost (Depths:3)
  3 wizards
  A harpy (shapeshifter) (Depths:1)
  A wolf spider zombie (D:15)
  A lindwurm (Lair:6)
  4 orc knights
  Pikel (D:8)
  26 orb spiders
  A deep elf mage (D:14)
  5 ugly things
  3 orc sorcerers
  36 wolf spiders
  2 moths of wrath (Spider:4)
  2 cyclopes
  3 manticores (D:15)
  An elephant (Lair:6)
  15 spiny frogs
  3 black mambas
  3 torpor snails
  A rime drake (Lair:6)
  3 komodo dragons
  8 yaktaurs
  14 demonic crawlers
  6 tengu conjurers
  3 trolls
  28 hornets
  25 jumping spiders
  5 meliai
  32 blink frogs
  4 bog bodies
  11 tyrant leeches
  12 hippogriffs
  32 slime creatures
  A dream sheep (Lair:6)
  Sigmund (D:6)
  A hippogriff (shapeshifter) (Depths:2)
  81 redbacks
  A spriggan (shapeshifter) (Depths:2)
  10 spriggans
  4 shadows
  3 water elementals
  33 tarantellas
  A vampire (D:9)
  3 wyverns
  27 yaks
  A human (shapeshifter) (D:14)
  3 hungry ghosts
  A basilisk (shapeshifter) (Depths:2)
  2 steam dragons (Lair:6)
  21 vampire mosquitoes
  13 swamp worms
  3 wargs
  5 insubstantial wisps (Swamp:2)
  24 soldier ants
  2 acid dragons
  18 water moccasins
  5 porcupines
  A floating eye (Depths:2)
  17 orc warriors
  10 swamp drakes
  An eye of draining (D:11)
  2 ice beasts
  4 sky beasts
  2 phantoms
  2 black bears
  16 ogres
  7 centaurs
  23 wolves
  5 boggarts (Depths:2)
  16 crocodiles
  10 bullfrogs
  2 big kobolds
  A gnoll sergeant (D:9)
  A wyvern skeleton (D:13)
  5 scorpions
  A water moccasin skeleton (D:11)
  11 killer bees
  2 wights (D:8)
  3 electric eels (Lair:4)
  12 crimson imps
  2 bullfrog zombies
  2 centaur zombies
  An iron imp (Depths:2)
  4 centaur skeletons
  7 hounds
  7 jellies
  13 orc priests
  17 orc wizards
  4 bullfrog skeletons
  2 iguanas
  22 worker ants
  A hound zombie (D:5)
  2 hound skeletons
  2 worker ant zombies
  13 gnolls
  11 adders
  3 shadow imps
  3 oozes (Lair:6)
  An adder skeleton (D:5)
  5 worms
  5 dart slugs
  5 leopard geckos
  55 orcs
  2 ball pythons
  3 bats
  8 giant cockroaches
  6 hobgoblins
  6 jackals
  12 kobolds
  6 quokkas
  5 frilled lizards
  10 goblins
  2 goblin skeletons (D:9)
  2 goblin zombies (D:9)
  A hobgoblin zombie (D:9)
  A kobold skeleton (D:9)
  A kobold zombie (D:9)
  2 orc skeletons (D:9)
  An orc zombie (D:9)
  A quokka skeleton (D:7)
  8 rats
  A fire vortex (Depths:2)
  A fungus (Lair:6)
  3 plants (Lair:6)
1151 creatures vanquished.

Vanquished Creatures (collateral kills)
  Mara (Spider:3)
  the Lernaean hydra (Swamp:4)
  A tengu reaver (Depths:2)
  3 emperor scorpions
  A fire dragon (Depths:1)
  A yaktaur captain (Depths:1)
  2 rakshasas
  2 vault guards (D:14)
  2 hydras
  5 two-headed ogres
  2 alligators (Swamp:1)
  A shambling mangrove (Swamp:3)
  An ogre mage (Depths:2)
  2 orc high priests (Orc:2)
  Sonja (D:10)
  A deep troll (Depths:1)
  2 swamp dragons
  3 orc knights
  A harpy (shapeshifter) (D:14)
  3 orb spiders
  3 ugly things
  A salamander (Depths:2)
  An oklob plant (Swamp:2)
  7 wolf spiders
  2 manticores
  2 centaur zombies (D:14)
  3 torpor snails (Lair:6)
  3 rime drakes
  3 spiny frogs
  A yaktaur (Depths:1)
  A komodo dragon (D:10)
  4 jumping spiders
  2 trolls
  A meliai (Spider:3)
  7 hornets
  3 tyrant leeches
  3 blink frogs
  2 bog bodies
  16 redbacks
  5 spriggans
  Eustachio (D:4)
  6 tarantellas
  18 yaks
  2 basilisks (Lair:6)
  A human (D:14)
  3 vampire mosquitoes (Swamp:2)
  2 soldier ants (Spider:1)
  A swamp worm (Swamp:1)
  A warg (Orc:1)
  2 water moccasins
  4 swamp drakes
  8 orc warriors
  An eye of draining (D:10)
  3 centaurs
  A wolf (Lair:2)
  4 crocodiles
  2 bullfrogs
  2 killer bees
  A scorpion (D:4)
  2 wights (D:8)
  A howler monkey (D:10)
  A jelly (D:11)
  A hound (D:8)
  9 orc priests
  8 orc wizards
  Terence (D:2)
  4 iguanas (Lair:6)
  8 worker ants
  Robin (D:3)
  2 adders
  A shadow imp (D:8)
  2 oozes (Lair:6)
  A leopard gecko (D:8)
  17 orcs
  5 goblins (D:3)
  2 hobgoblins (D:3)
  3 kobolds
  A plant (Lair:6)
239 creatures vanquished.

Vanquished Creatures (others)
  A yaktaur captain (Depths:3)
  2 yaktaurs
  A jumping spider (Spider:1)
  A blink frog (Swamp:1)
  A basilisk (Lair:6)
  2 orc wizards (Orc:2)
  An adder (D:8)
  13 fungi
  26 plants
48 creatures vanquished.

Grand Total: 1438 creatures vanquished

Notes
Turn   | Place    | Note
-------+----------+-------------------------------------------
     0 | D:1      | SeryemCrawls the Gnoll Wizard began the quest for the Orb.
     0 | D:1      | Reached XP level 1. HP: 13/13 MP: 8/8
   105 | D:1      | Reached XP level 2. HP: 19/19 MP: 1/10
   109 | D:1      | Learned a level 2 spell: Call Imp
  1071 | D:2      | Learned a level 2 spell: Blink
  1180 | D:2      | Reached XP level 3. HP: 25/25 MP: 7/11
  1403 | D:2      | Found a shattered altar of Ashenzari.
  1407 | D:2      | Saw a vision of the Swamp and the Spider Nest.
  1407 | D:2      | Noticed an alligator
  1407 | D:2      | Noticed an alligator
  1407 | D:2      | Noticed an alligator
  1407 | D:2      | Noticed a wolf spider
  1407 | D:2      | Noticed a redback
  1407 | D:2      | Noticed a wolf spider
  1408 | D:2      | Noticed an alligator
  1409 | D:2      | Noticed a wolf spider
  1410 | D:2      | Noticed a redback
  1411 | D:2      | Became a worshipper of Ashenzari the Shackled
  1464 | D:2      | Noticed Terence
  1474 | D:2      | Killed Terence
  1474 | D:2      | Reached skill level 1 in Fighting
  1474 | D:2      | Reached skill level 1 in Short Blades
  1474 | D:2      | Reached skill level 1 in Long Blades
  1474 | D:2      | Reached skill level 1 in Axes
  1474 | D:2      | Reached skill level 1 in Maces & Flails
  1474 | D:2      | Reached skill level 1 in Polearms
  1474 | D:2      | Reached skill level 1 in Staves
  1474 | D:2      | Reached skill level 1 in Slings
  1474 | D:2      | Reached skill level 1 in Bows
  1474 | D:2      | Reached skill level 1 in Crossbows
  1474 | D:2      | Reached skill level 1 in Throwing
  1474 | D:2      | Reached skill level 1 in Armour
  1474 | D:2      | Reached skill level 1 in Shields
  1474 | D:2      | Reached skill level 1 in Unarmed Combat
  1474 | D:2      | Reached skill level 1 in Invocations
  1474 | D:2      | Reached skill level 1 in Evocations
  1752 | D:3      | Reached XP level 4. HP: 32/32 MP: 7/13
  1757 | D:3      | Learned a level 3 spell: Conjure Flame
  1761 | D:3      | Learned a level 3 spell: Mephitic Cloud
  1954 | D:3      | Reached skill level 1 in Hexes
  1954 | D:3      | Reached skill level 1 in Charms
  1954 | D:3      | Reached skill level 1 in Necromancy
  1954 | D:3      | Reached skill level 1 in Transmutations
  1954 | D:3      | Reached skill level 1 in Fire Magic
  1954 | D:3      | Reached skill level 1 in Ice Magic
  1954 | D:3      | Reached skill level 1 in Air Magic
  1954 | D:3      | Reached skill level 1 in Earth Magic
  1954 | D:3      | Reached skill level 1 in Poison Magic
  2206 | D:3      | Found an ornate altar of the Wu Jian Council.
  2362 | D:3      | Found a burning altar of Makhleb.
  2420 | D:3      | Reached XP level 5. HP: 32/37 MP: 5/14
  2607 | D:3      | Found a sacrificial altar of Ru.
  2637 | D:3      | Noticed Robin
  2660 | D:3      | Killed Robin
  2734 | D:3      | Found a sparkling altar of Nemelex Xobeh.
  3208 | D:4      | Reached XP level 6. HP: 31/44 MP: 4/16
  3379 | D:4      | Got the double sword "Ilecurchu" {slice, rF+ Str+4}
  3379 | D:4      | Identified the +7 double sword "Ilecurchu" {slice, rF+
                  | Str+4} (You found it on level 4 of the Dungeon)
  3536 | D:4      | Reached skill level 5 in Dodging
  3540 | D:4      | Noticed Eustachio
  3552 | D:4      | Killed Eustachio
  3552 | D:4      | Reached XP level 7. HP: 45/50 MP: 7/18
  3721 | D:4      | Reached * piety under Ashenzari
  3839 | D:5      | Entered Level 5 of the Dungeon
  4257 | D:5      | Reached skill level 5 in Stealth
  4346 | D:5      | Found a snail-covered altar of Cheibriados.
  4406 | D:5      | Reached XP level 8. HP: 46/57 MP: 19/19
  4442 | D:5      | Found Kyrobbos's Gadget Boutique.
  4615 | D:5      | Found an iron altar of Okawaru.
  4822 | D:6      | Reached ** piety under Ashenzari
  5225 | D:6      | Noticed Sigmund
  5361 | D:6      | Killed Sigmund
  5749 | D:6      | Reached XP level 9. HP: 52/65 MP: 21/21
  6067 | D:7      | Found a staircase to the Ecumenical Temple.
  6226 | D:7      | Found a shimmering blue altar of Sif Muna.
  6226 | D:7      | Found an opulent altar of Gozag.
  6230 | D:7      | Found a shadowy altar of Dithmenos.
  6393 | D:7      | Found a hazy altar of Hepliaklqana.
  6999 | D:7      | Reached skill level 5 in Crossbows
  7467 | D:8      | Found Qagril's Magic Scroll Emporium.
  7513 | D:8      | Found a glowing silver altar of Zin.
  7565 | D:8      | Learned a level 4 spell: Summon Lightning Spire
  7625 | D:8      | Noticed Pikel
  7632 | D:8      | Killed Pikel
  7646 | D:8      | Found a blossoming altar of Fedhas.
  7660 | D:8      | Reached *** piety under Ashenzari
  7765 | D:8      | Reached skill level 5 in Invocations
  8095 | D:8      | Reached XP level 10. HP: 71/73 MP: 17/22
  8724 | D:9      | Found a glowing golden altar of the Shining One.
  8888 | D:9      | Noticed a cyclops
  8889 | D:9      | Reached skill level 5 in Fighting
  8889 | D:9      | Reached skill level 5 in Short Blades
  8889 | D:9      | Reached skill level 5 in Long Blades
  8889 | D:9      | Reached skill level 5 in Axes
  8889 | D:9      | Reached skill level 5 in Maces & Flails
  8889 | D:9      | Reached skill level 5 in Polearms
  8889 | D:9      | Reached skill level 5 in Staves
  8889 | D:9      | Reached skill level 5 in Slings
  8889 | D:9      | Reached skill level 5 in Bows
  8889 | D:9      | Reached skill level 5 in Throwing
  8889 | D:9      | Reached skill level 5 in Armour
  8889 | D:9      | Reached skill level 5 in Shields
  8889 | D:9      | Reached skill level 5 in Unarmed Combat
  8889 | D:9      | Reached skill level 5 in Evocations
  8896 | D:9      | Killed a cyclops
  9808 | D:10     | Entered Level 10 of the Dungeon
  9911 | D:10     | Noticed Sonja
 10150 | D:10     | Reached skill level 5 in Conjurations
 10150 | D:10     | Reached skill level 5 in Summonings
 10150 | D:10     | Reached skill level 5 in Translocations
 10466 | D:10     | Killed Sonja
 10663 | D:10     | Found a staircase to the Lair.
 11025 | D:10     | Found a portal to a secret trove of treasure.
 11242 | D:10     | Found a staircase to the Orcish Mines.
 11249 | D:10     | Found Hesooxtu's Antique Weapon Boutique.
 11429 | D:11     | Reached **** piety under Ashenzari
 11483 | D:11     | Reached XP level 11. HP: 81/81 MP: 17/24
 12182 | Lair:1   | Entered Level 1 of the Lair of Beasts
 12639 | Lair:1   | Reached skill level 5 in Hexes
 12639 | Lair:1   | Reached skill level 5 in Charms
 12639 | Lair:1   | Reached skill level 5 in Necromancy
 12639 | Lair:1   | Reached skill level 5 in Transmutations
 12639 | Lair:1   | Reached skill level 5 in Fire Magic
 12639 | Lair:1   | Reached skill level 5 in Ice Magic
 12639 | Lair:1   | Reached skill level 5 in Air Magic
 12639 | Lair:1   | Reached skill level 5 in Earth Magic
 12639 | Lair:1   | Reached skill level 5 in Poison Magic
 13489 | Lair:2   | Noticed a four-headed hydra
 13499 | Lair:2   | Killed a seven-headed hydra
 13725 | Lair:2   | Found a staircase to the Swamp.
 14395 | Lair:2   | Reached XP level 12. HP: 89/89 MP: 25/25
 15156 | Lair:3   | Reached skill level 10 in Spellcasting
 15163 | Lair:3   | Learned a level 4 spell: Force Lance
 15710 | Lair:3   | Noticed Snorg
 15730 | Lair:3   | Killed Snorg
 16639 | Lair:4   | Found a hole to the Spider Nest.
 17597 | Lair:5   | Reached ***** piety under Ashenzari
 17797 | Lair:5   | Noticed a seven-headed hydra
 17807 | Lair:5   | Killed a nine-headed hydra
 18036 | Lair:5   | Found a runed translucent door.
 18039 | Lair:5   | Noticed Ypehuijo's ghost (journeyman OpFi)
 18235 | Lair:5   | Identified the +7 trident "Nekali" {speed, rN+}
 18235 | Lair:5   | Noticed a spriggan rider
 18277 | Lair:5   | Reached skill level 10 in Crossbows
 18708 | Lair:6   | Entered Level 6 of the Lair of Beasts
 18739 | Lair:6   | Reached XP level 13. HP: 97/98 MP: 27/27
 19386 | Lair:6   | Found a staircase to the Slime Pits.
 19672 | Lair:6   | Found a runed translucent door.
 19672 | Lair:6   | Noticed an ice dragon
 22556 | Lair:6   | Noticed a fire dragon
 22723 | Lair:6   | Killed a fire dragon
 23254 | Orc:1    | Entered Level 1 of the Orcish Mines
 23561 | Orc:1    | Found Duciss's Assorted Antiques.
 23740 | Orc:2    | Entered Level 2 of the Orcish Mines
 24303 | Orc:2    | Noticed an ogre mage
 24314 | Orc:2    | Killed an ogre mage
 24314 | Orc:2    | Reached XP level 14. HP: 79/106 MP: 3/29
 25045 | Orc:2    | Reached skill level 10 in Dodging
 25426 | Orc:2    | Found Raligh's Book Shoppe.
 25426 | Orc:2    | Found Zuseuh's Assorted Antiques.
 25428 | Orc:2    | Found Xiarph's Weapon Shoppe.
 25428 | Orc:2    | Found Rineery's Magic Scroll Shop.
 25653 | Orc:1    | Bought a paperback book for 345 gold pieces
 25656 | Orc:1    | Learned a level 2 spell: Passwall
 25750 | Swamp:1  | Entered Level 1 of the Swamp
 26488 | Swamp:1  | Reached skill level 10 in Stealth
 27553 | Swamp:1  | Reached skill level 10 in Invocations
 28191 | Swamp:1  | Found an ornate altar of the Wu Jian Council.
 31201 | Orc:2    | Bought a scroll of remove curse for 36 gold pieces
 31201 | Orc:2    | Bought a scroll of remove curse for 36 gold pieces
 31201 | Orc:2    | Bought a scroll of remove curse for 36 gold pieces
 31201 | Orc:2    | Bought a scroll of brand weapon for 240 gold pieces
 31517 | Swamp:2  | Reached XP level 15. HP: 89/114 MP: 22/30
 31779 | Swamp:2  | Noticed a tentacled monstrosity
 31796 | Swamp:2  | Killed a tentacled monstrosity
 33967 | Swamp:3  | Reached skill level 10 in Fighting
 33967 | Swamp:3  | Reached skill level 10 in Short Blades
 33967 | Swamp:3  | Reached skill level 10 in Long Blades
 33967 | Swamp:3  | Reached skill level 10 in Axes
 33967 | Swamp:3  | Reached skill level 10 in Maces & Flails
 33967 | Swamp:3  | Reached skill level 10 in Polearms
 33967 | Swamp:3  | Reached skill level 10 in Staves
 33967 | Swamp:3  | Reached skill level 10 in Slings
 33967 | Swamp:3  | Reached skill level 10 in Bows
 33967 | Swamp:3  | Reached skill level 10 in Throwing
 33967 | Swamp:3  | Reached skill level 10 in Armour
 33967 | Swamp:3  | Reached skill level 10 in Shields
 33967 | Swamp:3  | Reached skill level 10 in Unarmed Combat
 33967 | Swamp:3  | Reached skill level 10 in Evocations
 34379 | Swamp:4  | Entered Level 4 of the Swamp
 34460 | Swamp:4  | Noticed Bai Suzhen
 34860 | D:11     | Reached ****** piety under Ashenzari
 37852 | D:13     | Learned a level 5 spell: Borgnjor's Vile Clutch
 37858 | D:13     | Learned a level 5 spell: Bolt of Magma
 37865 | D:13     | Learned a level 6 spell: Statue Form
 38594 | D:14     | Found Eqot's Distillery.
 38599 | D:14     | Reached XP level 16. HP: 122/122 MP: 21/32
 38668 | D:14     | Bought a potion of curing for 33 gold pieces
 38668 | D:14     | Bought a potion of heal wounds for 55 gold pieces
 38668 | D:14     | Bought a potion of haste for 110 gold pieces
 38668 | D:14     | Bought a potion of heal wounds for 55 gold pieces
 38700 | D:14     | Found an ornate altar of the Wu Jian Council.
 39184 | D:14     | Found a gate to the Vaults.
 39293 | D:15     | Entered Level 15 of the Dungeon
 39307 | D:15     | Identified Roxanne's Catalogue of Changing
 39307 | D:15     | Noticed Roxanne
 39392 | D:15     | Found a staircase to the Depths.
 39734 | D:15     | Got the uncursed ring mail of the Endless Deaths {rPois
                  | Dex+3}
 40163 | D:15     | Found Kugheju's Weapon Emporium.
 40579 | Depths:1 | Entered Level 1 of the Depths
 40613 | Depths:1 | Found a shimmering altar of Xom.
 40633 | D:15     | Identified the +4 ring mail of the Endless Deaths {rPois
                  | Dex+3} (You found it on level 15 of the Dungeon)
 40640 | D:15     | Learned a level 6 spell: Freezing Cloud
 41526 | Swamp:4  | Noticed the 27-headed Lernaean hydra
 41533 | Swamp:4  | Killed the 27-headed Lernaean hydra
 43036 | Swamp:4  | Got a decaying rune of Zot
 43502 | Spider:1 | Entered Level 1 of the Spider Nest
 44136 | Spider:1 | Reached XP level 17. HP: 99/131 MP: 11/33
 46010 | Spider:2 | Reached skill level 10 in Conjurations
 46010 | Spider:2 | Reached skill level 10 in Summonings
 46010 | Spider:2 | Reached skill level 10 in Translocations
 46039 | Spider:2 | Noticed Arachne
 46174 | Spider:1 | Killed Arachne
 47748 | Spider:3 | Noticed Mara
 47786 | Spider:3 | Killed Mara
 47786 | Spider:3 | Reached skill level 10 in Hexes
 47786 | Spider:3 | Reached skill level 10 in Charms
 47786 | Spider:3 | Reached skill level 10 in Necromancy
 47786 | Spider:3 | Reached skill level 10 in Transmutations
 47786 | Spider:3 | Reached skill level 10 in Fire Magic
 47786 | Spider:3 | Reached skill level 10 in Ice Magic
 47786 | Spider:3 | Reached skill level 10 in Air Magic
 47786 | Spider:3 | Reached skill level 10 in Earth Magic
 47786 | Spider:3 | Reached skill level 10 in Poison Magic
 47831 | Spider:3 | Reached XP level 18. HP: 112/139 MP: 16/35
 47952 | Spider:3 | Identified a scroll of acquirement
 48390 | Spider:3 | Noticed Nikola
 48443 | Spider:4 | Entered Level 4 of the Spider Nest
 50684 | Spider:4 | Got a gossamer rune of Zot
 53092 | Depths:1 | Got the uncursed chain mail of Qeahist {*Contam Regen+
                  | rCorr Int+2}
 53102 | Depths:1 | Identified the +2 chain mail of Qeahist {*Contam Regen+
                  | rCorr Int+2} (You found it on level 1 of the Depths)
 53147 | Depths:1 | Gained mutation: Armour fits poorly on your strangely
                  | shaped body. [mutagenic glow]
 53314 | Depths:1 | Found a gateway to Hell.
 53773 | Depths:1 | Found a burning altar of Makhleb.
 53781 | Depths:1 | Identified the cursed +0 great sword of Udghibb {drain,
                  | +Inv +Fly rElec rPois}
 53807 | Depths:1 | Reached XP level 19. HP: 140/147 MP: 3/36
 54274 | Depths:1 | Found a one-way gate leading to the halls of Pandemonium.
 56060 | Depths:2 | Paralysed by a floating eye for 4 turns
 56648 | Depths:2 | Identified the +8 war axe of Eternal Night {holy, *Drain
                  | rC+ rN+++ MR+}
 58732 | Depths:3 | Found a corrupted altar of Lugonu.
 58732 | Depths:3 | Found a one-way gate to the infinite horrors of the Abyss.
 58975 | Depths:3 | Reached XP level 20. HP: 122/155 MP: 25/38
 59999 | Depths:3 | Noticed a juggernaut
 60335 | Depths:3 | Found a gateway to a ziggurat.
 60365 | Depths:3 | Killed from afar by a fire giant

Levels and vault maps discovered:
D:1:      dpeg_arrival_central, layout_basic
D:2:      layout_rooms, grunt_ashenzari_visionary
          [grunt_ashenzari_visionary_swamp, grunt_ashenzari_visionary_spider],
          uniq_terence
D:3:      minmay_door_path, layout_basic, lemuel_doored_altar,
          lemuel_crystal_altar, overflow_temple_1_default, nemelex_altar_shiori,
          uniq_robin
D:4:      layout_basic, first_ration, minmay_checkerbox, uniq_eustachio
D:5:      layout_basic, lemuel_round_altar, okawaru_altar_gauntlet_db,
          serial_shops, kennysheep_mini_moat, minmay_manual_mess
D:6:      layout_gridville, uniq_sigmund
D:7:      layout_basic, grunt_temple_overflow_open, kennysheep_little_box,
          minmay_temple_entry_enclosed_plants
D:8:      layout_basic, zin_treasury, fedhas_ov_isle_minmay, serial_shops,
          nicolae_shop_stone, uniq_pikel
D:9:      layout_basic, nicolae_tso_besieged_by_evil, grunt_pizzeria
D:10:     layout_gridville, david_lair_shrubbed, orc_0_dummy, serial_shops,
          nicolae_shop_crystal, enter_trove_3, uniq_sonja
D:11:     layout_stronghold, eino_tiny_chamber
D:12:     layout_loops_corners, kennysheep_generic_room_7
D:13:     layout_stronghold
D:14:     layout_rooms, grunt_vaults_entry_fortified, serial_shops,
          nicolae_shop_behind_doors, serial_corexii_hall,
          chequers_hall_statues_wall_a, corexii_hall_statues_l, basic_altar
D:15:     hangedman_depths_entry_try_elsewhere_first, layout_stronghold,
          hangedman_decor_lopped, serial_shops, nicolae_shop_stone, minmay_puff,
          uniq_louise, uniq_roxanne
Lair:1:   layout_cave_pods
Lair:2:   layout_roguey, skrybe_swamp_entry_bodies, grunt_forest_large_clearings
Lair:3:   layout_chaotic_city, uniq_snorg
Lair:4:   layout_layer_cave, nicolae_spider_entry_orb_guardian,
          nicolae_quartered_pool_medium, serial_bayou_shore_a,
          lemuel_fruit_fields
Lair:5:   layout_cave_pods, ebering_ghost_funeral_grove
Lair:6:   guppyfry_lair_end_dragon, layout_regular_city, wormcave,
          nicolae_slime_entry_slimehenge, st_stairs_10, minmay_shattered_shrine,
          infiniplex_staircase_pool_2
Swamp:1:  layout_basic_swamp, basic_altar
Swamp:2:  layout_falls_marsh, nicolae_swamp_fairy_circle,
          nicolae_swamp_oklob_treasure_island
Swamp:3:  layout_falls_marsh, evilmike_swamp_ruin_house_6, swamp_pool1
Swamp:4:  swamp_old_school, layout_basic_swamp, uniq_bai_suzhen
Spider:1: layout_spider_delve, minivault_29
Spider:2: layout_spider_delve, nicolae_spider_shape,
          hangedman_spider_tarantella_strand, uniq_arachne
Spider:3: layout_spider_delve, uniq_nikola, uniq_mara
Spider:4: johnstein_spider_rune_arachne_lair
Orc:1:    layout_caves, serial_shops, nicolae_shop_stone
Orc:2:    grunt_orc_tribal_feast, layout_caves, basic_altar, mines5_lemuel
Depths:1: minmay_the_grid_four_pointed_star
          [minmay_the_grid_triangle_9x9_windchime,
          minmay_the_grid_triangle_9x9_descending_squares,
          minmay_the_grid_triangle_9x9_minimal,
          minmay_the_grid_triangle_9x9_shrine, minmay_the_grid_prize_big_room],
          layout_cave_shapes, hell_entry, rand_demon_pan_entry_9, serial_sigils,
          serial_sigils_hangedman_stare, serial_sigils_hangedman_shear,
          serial_sigils_hangedman_gnaw, serial_sigils_hangedman_carve,
          xom_teletrap_fun
Depths:2: kennysheep_bubble_arena, layout_basic, grunt_hell_entry_dis_mu,
          roderic_roman_lattice, minmay_stone_trees_medium
Depths:3: grunt_deathspiral_small, layout_basic, enter_ziggurat_f, pan_entry,
          nicolae_lava_and_water, abyss_entry_flame_altar, hell_entry,
          infiniplex_staircase_pillars_1, firewood_loft, uniq_saint_roka

Skill      XL: |  1  2  3  4  5  6  7  8  9 10 11 12 13 14 15 16 17 18 19 20 |
---------------+-------------------------------------------------------------+-----
Conjurations   | 2 3 4 5 6 7 8 9 10 11 | 11.4
Summonings     | 2 3 4 5 6 7 8 9 10 11 | 11.4
Translocations | 2 3 4 5 6 7 8 9 10 11 | 11.4
Fighting       | 1 2 3 4 5 6 7 8 9 10 11 12 13 | 13.0
Short Blades   | 1 2 3 4 5 6 7 8 9 10 11 12 13 | 13.0
Long Blades    | 1 2 3 4 5 6 7 8 9 10 11 12 13 | 13.0
Axes           | 1 2 3 4 5 6 7 8 9 10 11 12 13 | 13.0
Maces & Flails | 1 2 3 4 5 6 7 8 9 10 11 12 13 | 13.0
Polearms       | 1 2 3 4 5 6 7 8 9 10 11 12 13 | 13.0
Staves         | 1 2 3 4 5 6 7 8 9 10 11 12 13 | 13.0
Slings         | 1 2 3 4 5 6 7 8 9 10 11 12 13 | 13.0
Bows           | 1 2 3 4 5 6 7 8 9 10 11 12 13 | 13.0
Crossbows      | 1 2 4 6 7 9 10 11 12 13 14 | 14.2
Throwing       | 1 2 3 4 5 6 7 8 9 10 11 12 13 | 13.0
Armour         | 1 2 3 4 5 6 7 8 9 10 11 12 13 | 13.0
Shields        | 1 2 3 4 5 6 7 8 9 10 11 12 13 | 13.0
Unarmed Combat | 1 2 3 4 5 6 7 8 9 10 11 12 13 | 13.0
Invocations    | 1 2 3 4 5 6 7 8 9 10 11 12 13 14 | 14.0
Evocations     | 1 2 3 4 5 6 7 8 9 10 11 12 13 | 13.0
Hexes          | 1 2 3 4 5 6 7 8 9 10 11 | 11.2
Charms         | 1 2 3 4 5 6 7 8 9 10 11 | 11.2
Necromancy     | 1 2 3 4 5 6 7 8 9 10 11 | 11.2
Transmutations | 1 2 3 4 5 6 7 8 9 10 11 | 11.2
Fire Magic     | 1 2 3 4 5 6 7 8 9 10 11 | 11.2
Ice Magic      | 1 2 3 4 5 6 7 8 9 10 11 | 11.2
Air Magic      | 1 2 3 4 5 6 7 8 9 10 11 | 11.2
Earth Magic    | 1 2 3 4 5 6 7 8 9 10 11 | 11.2
Poison Magic   | 1 2 3 4 5 6 7 8 9 10 11 | 11.2
Dodging        | 5 6 7 8 9 10 11 12 13 | 13.7
Stealth        | 5 6 7 8 9 10 11 12 13 | 13.6
Spellcasting   | 8 9 10 11 12 13 14 | 14.5

Action                   |  1- 3 |  4- 6 |  7- 9 | 10-12 | 13-15 | 16-18 | 19-21 || total
-------------------------+-------+-------+-------+-------+-------+-------+-------++-------
Melee: Dagger            |     4 |    34 |       |       |       |       |       ||    38
       Bite              |       |     6 |    18 |    47 |   110 |   152 |    62 ||   395
       Hand axe          |       |    11 |       |       |       |       |       ||    11
       Double sword      |       |    11 |   168 |   397 |   887 |   945 |   186 ||  2594
       Falchion          |       |     3 |       |       |       |       |       ||     3
       Punch             |       |       |     1 |       |       |       |       ||     1
       War axe           |       |       |       |       |       |       |   156 ||   156
 Cast: Magic Dart        |    63 |    87 |    21 |    86 |   109 |     4 |     7 ||   377
       Call Imp          |     3 |    10 |    11 |     3 |     8 |       |       ||    35
       Mephitic Cloud    |       |     5 |    15 |    15 |    27 |     2 |     2 ||    66
       Blink             |       |     1 |     2 |     2 |    17 |     6 |     3 ||    31
       Conjure Flame     |       |       |     7 |    23 |    84 |     3 |       ||   117
       Summon Lightning  |       |       |     3 |    44 |   119 |    60 |    23 ||   249
       Force Lance       |       |       |       |    12 |    64 |       |       ||    76
       Bolt of Magma     |       |       |       |       |     8 |    28 |    24 ||    60
       Freezing Cloud    |       |       |       |       |       |   101 |    41 ||   142
       Statue Form       |       |       |       |       |       |     1 |       ||     1
       Borgnjor's Vile C |       |       |       |       |       |     1 |       ||     1
Invok: Curse Item        |       |     1 |       |       |     5 |     1 |       ||     7
Evoke: Wand              |       |       |       |       |     7 |     4 |       ||    11
  Use: Scroll            |       |       |    16 |     1 |    17 |     7 |     1 ||    42
       Potion            |       |       |     1 |     2 |    11 |     6 |     2 ||    22
 Stab: Distracted        |       |     2 |     1 |     2 |    13 |     8 |     4 ||    30
       Sleeping          |       |     2 |    10 |    13 |     4 |    16 |     5 ||    50
       Confused          |       |       |     3 |     5 |     8 |       |       ||    16
  Eat: Chunk             |     2 |     5 |    15 |    43 |    64 |    51 |    26 ||   206
       Ration            |       |       |       |     1 |       |     8 |     1 ||    10
Armor: Robe              |     1 |       |       |       |       |       |       ||     1
       Ring mail         |     3 |    28 |    50 |   108 |    93 |   348 |    97 ||   727
       Chain mail        |       |       |       |       |   397 |    80 |       ||   477
       Skin              |       |       |       |       |    19 |     1 |       ||    20
Dodge: Dodged            |     7 |    53 |   101 |   306 |   507 |   854 |   197 ||  2025
Block: Buckler           |       |       |    28 |    90 |   218 |       |       ||   336
       Shield            |       |       |       |       |   101 |   733 |   205 ||  1039
       Reflection        |       |       |       |       |       |     4 |    12 ||    16
       Rpst.: Double sword |       |     3 |    25 |   108 |   143 |   153 |    12 ||   444
